 Dungeon Crawl Stone Soup version 0.31-a0-851-g7ff8af7976 (webtiles) character file.

Game seed: 346604968907641457

37282 redmage the Thaumaturge (level 13, -4/84 HPs)
             Began as an Octopode Earth Elementalist on Oct 7, 2023.
             Was the Champion of Kikubaaqudgha.
             Slain by an orc knight
             ... wielding a +2 halberd
              (22 damage)
             ... on level 2 of the Orcish Mines.
             The game lasted 01:46:47 (18033 turns).

redmage the Thaumaturge (OpEE)                     Turns: 18033, Time: 01:46:47

Health: -4/84      AC: 12    Str: 13    XL:     13   Next: 95%
Magic:  4/28       EV: 10    Int: 21    God:    Kikubaaqudgha [******]
Gold:   465        SH:  0    Dex: 13    Spells: 4/34 levels left

rFire   . . .        f - melded +2 dagger (venom)
rCold   + . .        (shield currently unavailable)
rNeg    + . .        (helmet currently unavailable)
rPois   .            l - amulet of faith
rElec   .            F - ring of see invisible
rCorr   .            w - +4 ring of protection
SInv    +            y - ring of positive energy
Will    .....        D - ring of wizardry
Stlth   +++          O - ring of protection from cold
HPRegen 0.34/turn    (no ring)
MPRegen 0.21/turn    (no ring)
                     (no ring)

%: faith, wizardry (x1)
@: snake-form
A: constrict, boosted hp, almost no armour, amphibious, 8 rings, large,
(camouflage 1), (gelatinous body 1), (nimble swimmer 1), (tentacles)
a: Begin Untransformation, Renounce Religion, Unearth Wretches, Torment, Brand
Weapon With Pain, Receive Forbidden Knowledge


You were on level 2 of the Orcish Mines.
You worshipped Kikubaaqudgha.
Kikubaaqudgha was exalted by your worship.
You were an enormous anaconda.
You visited 3 branches of the dungeon, and saw 18 of its levels.
You also visited: Ossuary.

You collected 1269 gold pieces.
You spent 804 gold pieces at shops.

Inventory:

Hand Weapons
 c - a +6 spear
 f - a +2 dagger of venom (melded)
 m - a +3 flail of holy wrath
Missiles
 E - 6 boomerangs (quivered)
 I - 5 curare-tipped darts
Magical Staves
 a - the staff of Plague {rF+ rC+ Str+3 Ice}
   (You acquired it on level 3 of the Lair of Beasts)

   [staff of cold]

   Base accuracy: +5 Base damage: 5 Base attack delay: 1.2 This weapon's minimum
   attack delay (0.6) is reached at skill level 12.
   Str+3:     It affects your strength (+3).
   rF+:       It protects you from fire.
   rC+:       It protects you from cold.
   Ice:       It increases the power of your Ice spells.
   It falls into the 'Staves' category.
   It is a one-tentacled weapon.
 M - a staff of earth
Jewellery
 l - an amulet of faith (around neck)
 w - a +4 ring of protection (right tentacle)
 y - a ring of positive energy (on tentacle)
 D - a ring of wizardry (on tentacle)
 F - a ring of see invisible (left tentacle)
 O - a ring of protection from cold (on tentacle)
Talismans
 q - a maw talisman
 u - a serpent talisman (active)
Wands
 j - a wand of flame (48)
 s - a wand of quicksilver (33)
 t - a wand of iceblast (15)
 P - a wand of charming (2)
Scrolls
 b - 2 scrolls of revelation
 h - 2 scrolls of amnesia
 i - a scroll of poison
 k - 3 scrolls of brand weapon
 n - 2 scrolls of fear
 A - a scroll of blinking
 B - 4 scrolls of immolation
 C - 2 scrolls of vulnerability
 G - a scroll of enchant armour
 J - a scroll of silence {unknown}
Potions
 d - 2 potions of brilliance
 e - a potion of ambrosia
 g - 3 potions of lignification
 o - 3 potions of might
 p - 4 potions of mutation
 r - 4 potions of enlightenment
 v - 2 potions of heal wounds
 x - a potion of resistance
 z - 4 potions of cancellation
 H - a potion of curing
 K - 2 potions of magic
 L - 2 potions of attraction
 N - a potion of invisibility {unknown}


   Skills:
 - Level 3.0 Short Blades
 - Level 2.0 Dodging
 - Level 5.0 Stealth
 + Level 3.0 Unarmed Combat
 + Level 11.2 Spellcasting
 - Level 5.0 Conjurations
 + Level 10.7 Necromancy
 - Level 3.4 Transmutations
 + Level 6.8 Ice Magic
 - Level 5.3 Air Magic
 - Level 8.0 Earth Magic
 * Level 9.9 Shapeshifting


You had 4 spell levels left.
You knew the following spells:

 Your Spells              Type           Power      Damage    Failure   Level
a - Sandblast             Erth           90%        2d19      1%          1
b - Passwall              Tmut/Erth      29%        N/A       1%          2
c - Stone Arrow           Conj/Erth      78%        3d11      1%          3
d - Petrify               Tmut/Erth      35%        N/A       2%          4
e - Borgnjor's Vile Clut  Necr/Erth      25%        N/A       1%          5
f - Animate Dead          Necr           54%        N/A       1%          4
g - Simulacrum            Ice/Necr       24%        N/A       10%         6
r - Freezing Cloud        Conj/Ice/Air   17%        6-21      6%          5

Your spell library contained the following spells:

 Spells                   Type           Power      Damage    Failure   Level
 Kiss of Death            Conj/Necr      100%       2d13      1%          1
 Necrotise                Necr           100%       1d9       1%          1
 Shock                    Conj/Air       100%       1d9       1%          1
 Mephitic Cloud           Conj/Pois/Air  26%        N/A       1%          3
 Vampiric Draining        Necr           54%        2d9       1%          3
 Brom's Barrelling Bould  Conj/Erth      39%        2d6       1%          4
 Summon Small Mammal      Summ           44%        N/A       2%          1
 Anguish                  Hex/Necr       17%        N/A       2%          4
 Jinxbite                 Hex            22%        N/A       3%          2
 Ignite Poison            Fire/Tmut/Pois 16%        N/A       4%          3
 Call Canine Familiar     Summ           11%        N/A       7%          3
 Summon Guardian Golem    Hex/Summ       11%        N/A       7%          3
 Tukima's Dance           Hex            11%        N/A       7%          3
 Passage of Golubria      Tloc           11%        N/A       22%         4
 Agony                    Necr           54%        N/A       1%          5
 Silence                  Hex/Air        11%        N/A       21%         5
 Yara's Violent Unravell  Hex/Tmut       9%         3d6       30%         5
 Summon Mana Viper        Hex/Summ       11%        N/A       52%         5


Dungeon Overview and Level Annotations

Branches:
Dungeon (12/15)            Temple (0/1) D:7            Lair (4/5) D:8
 Shoals (0/4) Lair:2        Snake (0/4) Lair:2          Orc (2/2) D:9
    Elf (0/3) Orc:2       Ossuary (visited)
  Slime: Lair:4-5

Altars:
Ashenzari
Dithmenos
Elyvilon
Gozag
Hepliaklqana
Kikubaaqudgha
Xom
Zin
The Shining One

Shops:
D:2 =   D:4 !   D:6 (   D:10 [(((:

Annotations:
D:4 2 transporters, hikkokomori's ghost, amateur DECj
D:11 Harold


Innate Abilities, Weirdness & Mutations

You are an enormous anaconda.
You have a powerful constriction melee attack.
Your maximum health is increased.
Your armour is entirely melded.
You are incapable of wielding weapons or throwing items.
You cannot wear most types of armour.
You are amphibious.
You can wear up to eight rings at the same time.
((Your skin changes colour to match your surroundings (Stealth+).))
((Your rubbery body absorbs attacks. (AC +1, EV +1)))
((You are camouflaged when in or above water. (Stealth+)))
((You have tentacles for arms and can constrict up to eight enemies at once.))


Message History

The orc knight roars a battlecry!
The orc warrior goes into a battle-frenzy!
Your orc warrior hits the orc knight but does no damage.
Your orc warrior hits the orc warrior but does no damage.
The orc warrior hits you with a +0 scimitar.
Your orc wizard zombie hits the orc knight but does no damage.
Unknown command.
Unknown command.
Unknown command.
Unknown command.
Unknown command.
The orc knight hits your orc wizard zombie with a +2 halberd!!
Your orc wizard zombie is destroyed!
Your orc warrior hits the orc knight but does no damage.
Your orc warrior hits the orc warrior with a +0 hand axe.
Your orc priest zombie barely misses the orc knight.
The orc warrior hits your orc warrior with a +0 scimitar!!
Your orc warrior dies!
The orc knight shouts!
The orc warrior shouts!
Unknown command.
Unknown command.
Unknown command.
The orc knight attacks as it pursues you!
The orc knight hits you from afar with a +2 halberd!
The orc knight attacks as it pursues you!
The orc knight hits you but does no damage.
The orc knight attacks as it pursues you!
The orc knight hits you from afar with a +2 halberd!
The orc knight attacks as it pursues you!
The orc knight hits you but does no damage.
The orc knight attacks as it pursues you!
The orc knight closely misses you.
The orc warrior hits you with a +0 scimitar!!
The orc knight attacks as it pursues you!
The orc knight hits you from afar with a +2 halberd!!
* * * LOW HITPOINT WARNING * * *
There is a stone staircase leading up, spattered with blood here.
The orc knight hits you from afar with a +2 halberd!!
You die...
Kikubaaqudgha rasps: "You have failed me!
Welcome... death!"

,,,,,+,,,,,,,,,,,,,,,**
,,,,,+,,,............###
,,,,,*8,,............###
,*,*,**.o............###
,,,,,*#...............##
****##................##
#*###.................##
.##.....$............###
................S.....##
,#..............o.....##
##...$..........o.)...##
#.....)............)).##
#..#...........Z..)).###
.........).........))###
............#.....).))##
...............))....###
..................)...##


You could see an orc knight (ally target), an orc warrior (strong) and a
friendly orc priest zombie.

Vanquished Creatures
  A two-headed ogre (D:11)
  2 boulder beetles
  Sonja (Lair:2)
  Pikel (D:4)
  2 harpies
  A cyclops (Orc:1)
  A black mamba (Lair:3)
  6 elephants (Lair:4)
  4 gargoyles
  5 cane toads
  2 rime drakes (Lair:2)
  A kobold demonologist (D:11)
  4 komodo dragons
  A troll (Orc:1)
  12 blink frogs
  Grinder (D:3)
  5 dream sheep
  3 shadows
  3 wyverns
  Eustachio (D:5)
  29 yaks
  3 basilisks
  Edmund (D:5)
  2 vampire mosquitoes (D:10)
  2 wargs (D:9)
  10 water moccasins
  A black bear (D:6)
  12 orc warriors
  4 sky beasts
  2 ogres (Orc:1)
  5 wolves
  5 centaurs
  2 lemures
  A phantom (D:5)
  2 kobold brigands (D:11)
  7 bullfrogs
  5 scorpions
  5 wights (D:8)
  4 killer bees (D:9)
  3 howler monkeys
  8 electric eels
  A human zombie (Ossuary)
  2 centaur zombies (Ossuary)
  3 hounds
  2 jellies
  7 orc priests
  2 iguanas
  Ijyb (D:5)
  A sleepcap (D:4)
  12 orc wizards
  6 mummies (Ossuary)
  12 gnolls
  10 adders
  A white imp (D:8)
  3 worms
  3 dart slugs
  44 orcs
  8 ball pythons
  8 endoplasms
  5 giant cockroaches
  6 goblins
  7 hobgoblins
  13 kobolds
  3 quokkas
  7 bats
  3 goblin zombies (Ossuary)
  A hobgoblin zombie (Ossuary)
  A kobold zombie (Ossuary)
  3 orc zombies (Orc:2)
  8 rats
353 creatures vanquished.

Vanquished Creatures (collateral kills)
  Fannar (Lair:2)
  4 elephants (Lair:4)
  A torpor snail (Lair:2)
  6 cane toads (Lair:3)
  A komodo dragon (Lair:3)
  7 blink frogs
  3 dream sheep (Lair:3)
  17 yaks
  2 basilisks (Lair:3)
  2 vampire mosquitoes (D:10)
  2 nagas (Lair:2)
  4 water moccasins
  2 wolves
  A kobold brigand (D:10)
  3 bullfrogs
  An orc priest (Orc:2)
  2 orcs (Orc:2)
  3 kobolds
  A butterfly (Lair:2)
63 creatures vanquished.

Vanquished Creatures (others)
  A harpy zombie (Lair:2)
  A water moccasin (Lair:2)
  An orc warrior (Orc:2)
  2 elephant zombies (Lair:4)
  2 blink frog zombies
  A cane toad zombie (Lair:1)
  5 dream sheep zombies (Lair:3)
  A water moccasin zombie (Lair:4)
  2 warg zombies (D:9)
  9 yak zombies
  A bullfrog zombie (Lair:3)
  2 naga zombies (Lair:2)
  9 orc zombies
37 creatures vanquished.

Grand Total: 453 creatures vanquished

Notes
Turn   | Place    | Note
-------+----------+-------------------------------------------
     0 | D:1      | redmage the Octopode Earth Elementalist began the quest for
                  | the Orb.
     0 | D:1      | Reached XP level 1. HP: 11/11 MP: 3/3
    86 | D:1      | Found a faded altar of an unknown god.
    94 | D:1      | Reached XP level 2. HP: 17/17 MP: 5/5
   313 | D:1      | Learned a level 2 spell: Passwall
   437 | D:1      | Reached XP level 3. HP: 12/21 MP: 4/6
   441 | D:1      | Learned a level 3 spell: Stone Arrow
   852 | D:2      | Found Timaacs's Jewellery Shop.
   893 | D:2      | Reached skill level 1 in Conjurations
   927 | D:2      | Reached skill level 3 in Spellcasting
   927 | D:2      | Reached XP level 4. HP: 27/27 MP: 6/8
  1184 | D:3      | Noticed Grinder
  1201 | D:3      | Paralysed by Grinder for 2 turns
  1203 | D:3      | Killed Grinder
  1204 | D:3      | Reached XP level 5. HP: 26/31 MP: 5/10
  1204 | D:3      | Reached XP level 6. HP: 30/36 MP: 5/11
  1402 | D:3      | Found a shadowy altar of Dithmenos.
  2048 | D:4      | Found Ishedefe's Distillery.
  2149 | D:4      | Noticed hikkokomori's ghost (amateur DECj)
  2150 | D:4      | Found a transporter.
  2154 | D:4      | Found a transporter.
  2226 | D:4      | Reached skill level 4 in Spellcasting
  2303 | D:4      | Bought a potion of curing for 33 gold pieces
  2303 | D:4      | Bought a potion of degeneration for 11 gold pieces
  2346 | D:4      | Reached skill level 5 in Earth Magic
  2608 | D:4      | Found a shimmering altar of Xom.
  2748 | D:4      | Reached XP level 7. HP: 41/41 MP: 9/13
  2864 | D:4      | Noticed Pikel
  2931 | D:4      | Killed Pikel
  2932 | D:4      | Reached skill level 5 in Spellcasting
  2932 | D:4      | Reached XP level 8. HP: 46/46 MP: 1/16
  3287 | D:4      | Reached skill level 5 in Conjurations
  3345 | D:5      | Entered Level 5 of the Dungeon
  3456 | D:5      | Reached skill level 6 in Spellcasting
  3545 | D:5      | Found a glowing silver altar of Zin.
  3580 | D:5      | Found a faded altar of an unknown god.
  3580 | D:5      | Found an ancient bone altar of Kikubaaqudgha.
  3589 | D:5      | Found an opulent altar of Gozag.
  3592 | D:5      | Became a worshipper of Kikubaaqudgha
  3706 | D:5      | Identified the scarf of Loss {harm, rPois}
  3737 | D:5      | Noticed Edmund
  3748 | D:5      | Learned a level 4 spell: Petrify
  3798 | D:5      | Killed Edmund
  3957 | D:5      | Noticed Eustachio
  3958 | D:5      | Noticed Ijyb
  3961 | D:5      | Reached XP level 9. HP: 51/51 MP: 16/18
  4446 | D:5      | Killed Ijyb
  4497 | D:5      | Killed Eustachio
  4622 | D:5      | Found a faded altar of an unknown god.
  4624 | D:5      | Found a hazy altar of Hepliaklqana.
  4712 | D:6      | Got a lithographed book
  4725 | D:6      | Reached skill level 7 in Spellcasting
  4914 | D:6      | Found Aplekhloedgh's Weapon Shoppe.
  4950 | D:6      | Found a sand-covered staircase.
  4960 | Ossuary  | Entered an ossuary
  4995 | Ossuary  | Reached * piety under Kikubaaqudgha
  4995 | Ossuary  | Received a gift from Kikubaaqudgha
  5002 | Ossuary  | Learned a level 4 spell: Animate Dead
  5094 | Ossuary  | Reached skill level 1 in Necromancy
  5191 | Ossuary  | Identified a scroll of acquirement
  5191 | Ossuary  | Acquired 572 gold pieces
  5551 | D:2      | Bought a serpent talisman for 400 gold pieces
  5551 | D:2      | Bought a +4 ring of protection for 360 gold pieces
  6058 | D:7      | Reached ** piety under Kikubaaqudgha
  6110 | D:7      | Found a staircase to the Ecumenical Temple.
  6220 | D:7      | Reached skill level 1 in Shapeshifting
  7320 | D:8      | Reached XP level 10. HP: 56/56 MP: 18/21
  7336 | D:8      | Found a staircase to the Lair.
  7447 | D:8      | Reached skill level 1 in Short Blades
  7518 | D:8      | Reached skill level 8 in Spellcasting
  7864 | D:8      | Acquired the Opusculum on Sandy Haze
  7872 | D:8      | Learned a level 5 spell: Freezing Cloud
  7873 | Lair:1   | Entered Level 1 of the Lair of Beasts
  8026 | Lair:1   | Noticed a cane toad
  8038 | Lair:1   | Killed a cane toad
  8039 | Lair:1   | Reached skill level 5 in Necromancy
  8063 | Lair:1   | Reached *** piety under Kikubaaqudgha
  8063 | Lair:1   | Received a gift from Kikubaaqudgha
  8064 | Lair:1   | Reached skill level 1 in Ice Magic
  8064 | Lair:1   | Reached skill level 1 in Air Magic
  8070 | Lair:1   | Learned a level 5 spell: Borgnjor's Vile Clutch
  8625 | Lair:1   | Noticed a cane toad
  8642 | Lair:1   | Killed a cane toad
  8643 | Lair:1   | Reached skill level 5 in Stealth
  8815 | Lair:1   | Found a glowing silver altar of Zin.
  8960 | Lair:2   | Noticed a torpor snail
  9008 | Lair:2   | Noticed Sonja
  9019 | Lair:2   | Killed Sonja
  9020 | Lair:2   | Reached XP level 11. HP: 46/61 MP: 15/23
  9125 | Lair:2   | Noticed a harpy
  9125 | Lair:2   | Noticed a harpy
  9224 | Lair:2   | Noticed Fannar
  9689 | Lair:1   | Killed a harpy
 10108 | Lair:2   | Found a staircase to the Shoals.
 10125 | Lair:2   | Killed a harpy
 10128 | Lair:2   | Reached **** piety under Kikubaaqudgha
 10157 | Lair:2   | Reached skill level 9 in Spellcasting
 10256 | Lair:2   | Killed Fannar
 10439 | Lair:2   | Reached skill level 5 in Shapeshifting
 10462 | Lair:2   | Reached XP level 12. HP: 46/66 MP: 8/25
 10470 | Lair:2   | Found a staircase to the Snake Pit.
 10478 | Lair:2   | Reached skill level 5 in Ice Magic
 10652 | Lair:2   | Reached skill level 5 in Air Magic
 11061 | Lair:1   | Learned a level 6 spell: Simulacrum
 11654 | Lair:3   | Acquired the staff of Plague {rF+ rC+ Str+3 Ice}
 11734 | Lair:3   | Reached skill level 10 in Spellcasting
 11746 | Lair:3   | Reached ***** piety under Kikubaaqudgha
 12198 | Lair:3   | Noticed a boulder beetle
 12217 | Lair:3   | Killed a boulder beetle
 12562 | Lair:3   | Reached XP level 13. HP: 36/71 MP: 23/27
 13200 | Lair:4   | Found a white marble altar of Elyvilon.
 13452 | Lair:4   | Reached skill level 10 in Necromancy
 14401 | D:9      | Found a staircase to the Orcish Mines.
 14531 | D:9      | Reached skill level 1 in Unarmed Combat
 14668 | D:9      | Reached skill level 11 in Spellcasting
 15360 | D:10     | Entered Level 10 of the Dungeon
 15360 | D:10     | Found Aluab's Book Boutique.
 15603 | D:10     | Found Yrodgher's Weapon Boutique.
 15640 | D:10     | Found Daolir's Weapon Shop.
 15645 | D:10     | Found a glowing golden altar of the Shining One.
 15650 | D:10     | Found Zaokaicw's Antique Weapon Shoppe.
 15693 | D:10     | Found Etec's Armour Boutique.
 16165 | D:10     | Found a broken altar of Ashenzari.
 16645 | D:11     | Noticed Harold
 17239 | D:11     | Reached ****** piety under Kikubaaqudgha
 17624 | Orc:1    | Entered Level 1 of the Orcish Mines
 17817 | Orc:2    | Entered Level 2 of the Orcish Mines
 18033 | Orc:2    | Slain by an orc knight

Illustrated notes

Levels and vault maps discovered:
D:1:      reono_arrival_forest_river, layout_rooms,
          shapermc_ecumenical_altar_pompeii
D:2:      layout_rooms, serial_shops, nicolae_shop_behind_doors,
          chequers_serial_rivers_micro_d
D:3:      layout_loops_ring, nicolae_dithmenos_through_a_glass_darkly,
          serial_rivers, chequers_serial_rivers_small_b,
          chequers_serial_rivers_micro_d, chequers_serial_rivers_large_a,
          chequers_serial_rivers_micro_e, chequers_serial_rivers_small_b,
          chequers_serial_rivers_small_3, uniq_grinder
D:4:      layout_loops_ring, tgw_xom, gammafunk_ghost_smash, serial_shops,
          nicolae_stop_n_shop_2, uniq_pikel
D:5:      layout_loops_ring, mainiacjoe_overflow_six_doors_small,
          chequers_temple_overflow_minitemple, uniq_ijyb, uniq_edmund,
          uniq_eustachio
D:6:      layout_cave_pools, serial_shops, nicolae_shop_bloodbath_and_beyond,
          nicolae_ossuary_entry_ruins
D:7:      layout_loops_corners, minmay_temple_entry_waves,
          hangedman_decor_slide_cut
D:8:      layout_loops_ring, dpeg_oklobed_lair
D:9:      layout_loops_ring, david_orc_1_choice
D:10:     layout_big_octagon, evilmike_ruin_ashenzari,
          mainiacjoe_overflow_boulevard, serial_shops, shop,
          nicolae_shop_competitors_out_of_business, shop,
          nicolae_shop_advertising_works [nicolae_subvault_shop_adworks],
          nicolae_stop_n_shop_1, serial_bayou_lagoon_b
D:11:     layout_stronghold, grunt_tough_drop, uniq_harold
D:12:     minmay_octagon_keep, layout_irregular_city, serial_bayou_pond_a
Lair:1:   layout_chaotic_city, lemuel_centaur_altar, infiniplex_staircase_pool
Lair:2:   layout_long_grid, nicolae_shoals_entry_roost,
          guppyfry_snake_entry_island, grunt_megastairs_3, lemuel_fruit_fields,
          lemuel_fruit_tree, uniq_fannar, uniq_sonja
Lair:3:   layout_cave_pods, infiniplex_staircase_pool_2
Lair:4:   nzn_winding_woodlands_cross
          [nzn_winding_woodlands_5x15_river_crossing,
          nzn_winding_woodlands_5x15_pool,
          nzn_winding_woodlands_5x15_concentric,
          nzn_winding_woodlands_5x15_parted,
          nzn_winding_woodlands_15x15_five_gardens], layout_layer_cave,
          serial_bayou, serial_bayou_lagoon_a, serial_bayou_ford_a,
          serial_bayou_pond_e, serial_bayou_crossing, serial_bayou_pond_e,
          basic_altar
Orc:1:    layout_caves
Orc:2:    hellmonk_orc_salted, layout_caves, enter_volcano_3, basic_altar,
          minmay_orc_temple_b, uniq_urug

Skill      XL: |  1  2  3  4  5  6  7  8  9 10 11 12 13 |
---------------+----------------------------------------+-----
Conjurations   | 1 2 3 4 5 |  5.0
Spellcasting   | 3 4 5 6 7 8 9 10 11 | 11.2
Earth Magic    | 4 5 6 7 8 |  8.0
Transmutations | 2 3 |  3.4
Necromancy     | 4 6 8 9 10 | 10.7
Shapeshifting  | 2 3 5 7 9 |  9.9
Stealth        | 3 5 |  5.0
Short Blades   | 3 |  3.0
Ice Magic      | 2 4 5 6 |  6.8
Air Magic      | 2 4 5 |  5.3
Unarmed Combat | 3 |  3.0
Dodging        | |  2.0

Action                     |  1- 3 |  4- 6 |  7- 9 | 10-12 | 13-15 || total
---------------------------+-------+-------+-------+-------+-------++-------
  Melee: Short sword       |       |    25 |       |       |       ||    25
         Constrict         |       |     7 |     4 |    25 |    22 ||    58
         Tentacles         |       |     4 |    17 |    47 |       ||    68
         Punch             |       |     1 |       |     1 |       ||     2
         Flail             |       |       |    27 |       |       ||    27
         Dagger            |       |       |    18 |   155 |       ||   173
         Unarmed           |       |       |       |     4 |   141 ||   145
   Fire: Sling             |    76 |    45 |    47 |       |       ||   168
  Throw: Boomerang         |       |       |       |     6 |       ||     6
   Cast: Sandblast         |    19 |    47 |   119 |    59 |    43 ||   287
         Stone Arrow       |       |     4 |    31 |    24 |    52 ||   111
         Passwall          |       |     1 |       |       |       ||     1
         Petrify           |       |       |     3 |    55 |    11 ||    69
         Animate Dead      |       |       |       |    12 |     8 ||    20
         Borgnjor's Vile C |       |       |       |    11 |    19 ||    30
         Freezing Cloud    |       |       |       |     2 |    17 ||    19
         Simulacrum        |       |       |       |       |     2 ||     2
 Invoke: Unearth Wretches  |       |       |       |     1 |       ||     1
  Evoke: Wand              |       |       |       |     1 |     4 ||     5
    Use: Scroll            |       |     3 |    14 |     3 |     7 ||    27
         Potion            |       |       |       |     2 |     2 ||     4
   Stab: Sleeping          |       |     3 |     4 |     2 |       ||     9
         Petrified         |       |       |    30 |    83 |    37 ||   150
         Petrifying        |       |       |       |     7 |       ||     7
         Distracted        |       |       |       |       |     3 ||     3
 Armour: Skin              |     8 |    22 |    44 |   101 |   170 ||   345
  Dodge: Dodged            |    23 |    29 |    50 |    78 |    84 ||   264
   Form: Anaconda          |       |       |       |     1 |       ||     1

Table legend: (Time is in decaauts)
 A = Elapsed time spent in this place.
 B = Non-inter-level travel time spent in this place.
 C = Inter-level travel time spent in this place.
 D = Time resting spent in this place.
 E = Time spent auto-exploring this place.
 F = Levels seen in this place.
 G = Mean time per level.
                   A        B        C        D        E       F      G
               +--------+--------+--------+--------+--------+-----+--------+
         Total |  18268 |  17254 |   1014 |   1246 |  11950 |  19 |  961.5 |
       Dungeon |  11091 |  10431 |    660 |    590 |   7590 |  12 |  924.2 |
          Lair |   6512 |   6159 |    353 |    648 |   4061 |   4 | 1628.0 |
  Orcish Mines |    409 |    409 |      0 |      0 |    267 |   2 |  204.5 |
       Ossuary |    254 |    254 |      0 |      8 |     32 |   1 |  254.0 |
               +--------+--------+--------+--------+--------+-----+--------+

Top non-repeatable levels by time:
  Lair:1: 2089 daAuts
  Lair:3: 1844 daAuts
  Lair:2: 1510 daAuts
     D:5: 1381 daAuts
     D:4: 1307 daAuts
     D:7: 1268 daAuts
    D:11: 1139 daAuts
  Lair:4: 1068 daAuts
     D:9: 1044 daAuts
     D:8: 1040 daAuts
     D:3: 1014 daAuts
    D:10: 974 daAuts
     D:1: 719 daAuts
     D:6: 624 daAuts
     D:2: 457 daAuts
